 Dungeon Crawl Stone Soup version 0.30-a0-879-ga8ba668304 (webtiles) character file.

Game seed: 10081708805255887710

473 Iich the Chopper (level 6, -1/51 HPs)
             Began as a Demonspawn Fighter on Mar 12, 2023.
             Killed by divine providence
             ... invoked by an orc priest
              (16 damage)
             ... on level 4 of the Dungeon.
             The game lasted 00:05:34 (3064 turns).

Iich the Chopper (Demonspawn Fighter)               Turns: 3064, Time: 00:05:36

Health: -1/51      AC: 11    Str: 16    XL:     6   Next: 84%
Magic:  6/6        EV: 13    Int:  9    God:
Gold:   99         SH:  0    Dex: 15    Spells: 5/5 levels left

rFire   . . .      SeeInvis .    a - +0 war axe
rCold   . . .      Faith    .    c - +0 buckler
rNeg    . . .      Spirit   .    b - +1 scale mail
rPois   .          Reflect  .    (helmet restricted)
rElec   .          Rampage  .    (no cloak)
rCorr   .                        (no gloves)
Will    .....                    (no boots) Stlth
                                 (no amulet)
HPRegen 0.28/turn                m - +5 ring of evasion
MPRegen 0.10/turn                o - +4 ring of protection

@: confused, mighty, hasted, very quick
A: horns 1, demonic guardian 1
a: no special abilities


You were on level 4 of the Dungeon.
You visited 1 branch of the dungeon, and saw 4 of its levels.

You collected 99 gold pieces.

Inventory:

Hand Weapons
 a - a +0 war axe (weapon)
Missiles
 n - a throwing net (quivered)
Armour
 b - a +1 scale mail (worn)
 c - a +0 buckler (worn)
 s - a +0 chain mail
Jewellery
 l - an amulet of faith
 m - a +5 ring of evasion (left hand)
 o - a +4 ring of protection (right hand)
Wands
 q - a wand of mindburst (4)
Scrolls
 f - 3 scrolls of magic mapping
 g - 2 scrolls of enchant armour
 h - a scroll of fog
 j - a scroll of poison
 r - a scroll of fear
 u - a scroll of enchant weapon {unknown}
 v - a scroll of identify
Potions
 d - 2 potions of might
 e - a potion of flight
 k - a potion of attraction {unknown}
 p - a potion of brilliance {unknown}
 t - a potion of heal wounds {unknown}


   Skills:
 + Level 5.0 Fighting
 * Level 5.6 Axes
 - Level 2.6 Armour
 - Level 2.6 Shields


You had 5 spell levels left.
You didn't know any spells.
Your spell library was empty.

Dungeon Overview and Level Annotations

Branches:
Dungeon (4/15)
 Temple: D:4-7

Altars:

Annotations:
D:4 Grinder


Innate Abilities, Weirdness & Mutations

You have a pair of small horns on your head.
A weak demonic guardian rushes to your aid.


Message History

The orc hits you but does no damage. The orc barely misses you.
Grinder barely misses you. The orc misses you.
You slash the orc!
You kill the orc!
You hit the orc wizard. You hit Grinder. Grinder hits you but does no damage.
You block the orc wizard's attack.
You slash the orc wizard!
The orc wizard is almost dead.
You hit the orc priest. You hit Grinder. Grinder gestures at you.
Pain shoots through your body!
The orc priest calls down the wrath of Beogh upon you.
Beogh smites you!
* * * LOW HITPOINT WARNING * * *
The orc wizard casts a spell at you.
You are confused.
You feel very mighty all of a sudden. Grinder gestures at you.
You barely resist. The orc priest closely misses you.
The orc wizard casts a spell.
The orc wizard flickers and vanishes!
Deactivating autopickup; reactivate with Ctrl-A.
You feel yourself speed up. Grinder hits you but does no damage.
The orc priest closely misses you. Something hits you but does no damage.
You slash Grinder!
Grinder is heavily wounded.
You miss something. You hit the orc priest. Grinder hits you.
* * * LOW HITPOINT WARNING * * *
The orc priest hits you with a +0 hand axe.
* * * LOW HITPOINT WARNING * * *
You hear some strange, mumbled words.
You are more confused.
You miss something. You headbutt something.
Reactivating autopickup.
You feel a bit more experienced.
You hit the orc priest. You closely miss Grinder. Grinder barely misses you.
The orc priest calls down the wrath of Beogh upon you.
Beogh smites you!
You die...

#. #( #. #. #. #.
######o#########
......o@....<..#
......5#######<##
.###### ##.#.##
## #.###.######.
#..#.........
#.#.######...
#.#.######.##
#.#........#
...#######.##


You could see Grinder, an orc priest and an orc.

Vanquished Creatures
  An orc warrior (D:4)
  3 killer bees (D:4)
  A hound (D:4)
  An orc priest (D:4)
  2 orc wizards
  An adder (D:2)
  2 ufetubi (D:4)
  A worm (D:4)
  2 dart slugs
  9 orcs
  7 endoplasms
  A giant cockroach (D:3)
  5 goblins
  2 hobgoblins (D:1)
  13 jackals
  7 kobolds
  2 quokkas
  4 ball pythons
  3 bats
  4 frilled lizards
  5 rats
76 creatures vanquished.

Vanquished Creatures (collateral kills)
  A killer bee (D:4)
  A worm (D:4)
  A ball python (D:4)
  An endoplasm (D:4)
4 creatures vanquished.

Grand Total: 80 creatures vanquished

Notes
Turn   | Place    | Note
-------+----------+-------------------------------------------
     0 | D:1      | Iich the Demonspawn Fighter began the quest for the Orb.
     0 | D:1      | Reached XP level 1. HP: 18/18 MP: 1/1
   234 | D:1      | Gained mutation: You have a pair of small horns on your
                  | head. [demonic ancestry]
   234 | D:1      | Reached XP level 2. HP: 19/24 MP: 2/2
   614 | D:1      | Found a faded altar of an unknown god.
   830 | D:2      | Reached XP level 3. HP: 21/29 MP: 3/3
  1732 | D:3      | Gained mutation: A weak demonic guardian rushes to your
                  | aid. [demonic ancestry]
  1732 | D:3      | Reached XP level 4. HP: 37/37 MP: 4/4
  2362 | D:3      | You fall into a shaft and drop 1 floor!
  2444 | D:4      | Reached XP level 5. HP: 22/42 MP: 5/5
  2453 | D:4      | HP: 2/43 [poisoned by a killer bee]
  2455 | D:4      | Reached skill level 5 in Axes
  2455 | D:4      | Reached XP level 6. HP: 2/49 MP: 6/6
  2915 | D:4      | Noticed an orc warrior
  2920 | D:4      | Killed an orc warrior
  2921 | D:4      | Reached skill level 5 in Fighting
  3055 | D:4      | Noticed Grinder
  3064 | D:4      | Killed from afar by an orc priest

Illustrated notes

Levels and vault maps discovered:
D:1:      saegor_arrival_fortress, layout_basic,
          shapermc_ecumenical_altar_ellora, nrook_mini_vaults, minivault_27
D:2:      layout_basic
D:3:      layout_loops_corners, st_stairs_14
D:4:      layout_loops_ring, uniq_grinder

Skill      XL: |  1  2  3  4  5  6 |
---------------+-------------------+-----
Axes           | 2 3 4 5 |  5.6
Fighting       | 4 5 |  5.0
Armour         | |  2.6
Shields        | |  2.6

Action                     |  1- 3 |  4- 6 || total
---------------------------+-------+-------++-------
  Melee: War axe           |   121 |    84 ||   205
         Headbutt          |    13 |    16 ||    29
  Evoke: Wand              |       |    12 ||    12
    Use: Scroll            |     5 |     1 ||     6
         Potion            |     2 |     3 ||     5
 Armour: Scale mail        |    65 |    40 ||   105
  Dodge: Dodged            |    62 |    61 ||   123
  Block: Buckler           |    38 |    35 ||    73

Table legend: (Time is in decaauts)
 A = Elapsed time spent in this place.
 B = Non-inter-level travel time spent in this place.
 C = Inter-level travel time spent in this place.
 D = Time resting spent in this place.
 E = Time spent auto-exploring this place.
 F = Levels seen in this place.
 G = Mean time per level.
                   A        B        C        D        E       F      G
               +--------+--------+--------+--------+--------+-----+--------+
         Total |   3139 |   3091 |     48 |    267 |   2279 |   4 |  784.8 |
       Dungeon |   3139 |   3091 |     48 |    267 |   2279 |   4 |  784.8 |
               +--------+--------+--------+--------+--------+-----+--------+

Top non-repeatable levels by time:
     D:3: 894 daAuts
     D:1: 810 daAuts
     D:2: 720 daAuts
     D:4: 714 daAuts
